| TOP OF THE 1ST |
|
Lansing Lugnuts batting - Pitching for Burlington Bees : RHP Getachew El Sayed
|
|
Pitching: RHP Getachew El Sayed
|
|
|
Batting: RHB Luis Gomez
|
0-0: Called Strike 0-1: Swinging Strike 0-2: Fly out, F4 (Popup, 4, EV 62.5 MPH)
|
|
Batting: LHB Timo Gomez
|
0-0: Called Strike 0-1: Swinging Strike 0-2: Fly out, F8 (Flyball, 78D, EV 98.8 MPH)
|
|
Batting: RHB Raul de la Cruz
|
0-0: Called Strike 0-1: Called Strike 0-2: Ball 1-2: Foul Ball, location: 2F 1-2: Foul Ball, location: 2F 1-2: Foul Ball, location: 2F 1-2: Fly out, F7 (Flyball, 7LSF, EV 83.1 MPH)
|
| Top of the 1st over - 0 runs, 0 hits, 0 errors, 0 left on base; Lansing 0 - Burlington 0 |
| BOTTOM OF THE 1ST |
|
Burlington Bees batting - Pitching for Lansing Lugnuts : RHP David Tooley
|
|
Pitching: RHP David Tooley
|
|
|
Batting: RHB Khalil Thurston
|
0-0: Ball 1-0: Called Strike 1-1: Ball 2-1: Ball 3-1: Ground out 4-3 (Groundball, 4, EV 99.4 MPH)
|
|
Batting: RHB Nick Lombardo
|
0-0: Foul Ball, location: 2F 0-1: Ball 1-1: Ball 2-1: Ball 3-1: Fly out, F8 (Flyball, 8RXD, EV 96.2 MPH)
|
|
Batting: LHB Dave Hicks
|
0-0: Ball 1-0: Foul Ball, location: 2F 1-1: Ground out 4-3 (Groundball, 4, EV 87.5 MPH)
|
| Bottom of the 1st over - 0 runs, 0 hits, 0 errors, 0 left on base; Lansing 0 - Burlington 0 |
| TOP OF THE 2ND |
|
Lansing Lugnuts batting - Pitching for Burlington Bees : RHP Getachew El Sayed
|
|
Batting: SHB Gregg Whitecotton
|
0-0: SINGLE (Line Drive, 8LS, EV 100.0 MPH)
|
|
Batting: RHB John Hering
|
0-0: Ball 1-0: Foul Ball, location: 2F 1-1: Ball Gregg Whitecotton steals 2nd base 2-1: Ground out 4-3 (Groundball, 4, EV 103.8 MPH) Gregg Whitecotton to third
|
|
Batting: RHB Scott Travis
|
0-0: Ball 1-0: Called Strike 1-1: Foul Ball, location: 2F 1-2: Fly out, F7 (Flyball, 7, EV 85.6 MPH) Runner from 3rd tags up, SCORES, throw by LF
|
|
Batting: RHB Jamie Ogilvie
|
0-0: Called Strike 0-1: Foul Ball, location: 2F 0-2: Ball 1-2: Ball 2-2: Ball 3-2: Foul Ball, location: 2F 3-2: SINGLE (Groundball, 6MD, EV 101.2 MPH)
|
|
Batting: RHB Jose Ontiveros
|
0-0: Called Strike 0-1: Ball 1-1: Ball 2-1: Called Strike 2-2: Strikes out looking
|
| Top of the 2nd over - 1 run, 2 hits, 0 errors, 1 left on base; Lansing 1 - Burlington 0 |
| BOTTOM OF THE 2ND |
|
Burlington Bees batting - Pitching for Lansing Lugnuts : RHP David Tooley
|
|
Batting: LHB Mutsuo IIda
|
0-0: Called Strike 0-1: Swinging Strike 0-2: Ball 1-2: Ball 2-2: Foul Ball, location: 2F 2-2: Foul Ball, location: 2F 2-2: Ground out 6-3 (Groundball, 56, EV 86.9 MPH)
|
|
Batting: RHB Dean LeCroy
|
0-0: SINGLE (Groundball, 4MD, EV 99.4 MPH)
|
|
Batting: RHB T.J. Gray
|
0-0: Called Strike 0-1: Foul Ball, location: 2F 0-2: Strikes out swinging
|
|
Batting: RHB Wilford Harper
|
0-0: Called Strike 0-1: Ground out 4-3 (Groundball, 4, EV 81.2 MPH)
|
| Bottom of the 2nd over - 0 runs, 1 hit, 0 errors, 1 left on base; Lansing 1 - Burlington 0 |
| TOP OF THE 3RD |
|
Lansing Lugnuts batting - Pitching for Burlington Bees : RHP Getachew El Sayed
|
|
Batting: RHB Tristan Dennis
|
0-0: Ball 1-0: Ball 2-0: Fly out, F7 (Line Drive, 7, EV 88.8 MPH)
|
|
Batting: RHB Luis Gomez
|
0-0: Ball 1-0: Foul Ball, location: 2F 1-1: Foul Ball, location: 2F 1-2: Foul Ball, location: 2F 1-2: Strikes out looking
|
|
Batting: LHB Timo Gomez
|
0-0: Ball 1-0: SINGLE (Groundball, 6MD, EV 103.8 MPH)
|
|
Batting: RHB Raul de la Cruz
|
0-0: Ball Timo Gomez steals 2nd base 1-0: Ball 2-0: Swinging Strike 2-1: Ball 3-1: Called Strike 3-2: Base on Balls
|
|
Batting: SHB Gregg Whitecotton
|
0-0: SINGLE (Groundball, 6MD, EV 109.4 MPH) Timo Gomez to third Raul de la Cruz to second Runner from 3rd tries for Home, SAFE, throw by CF to home
|
|
Batting: RHB John Hering
|
0-0: Ball 1-0: Foul Ball, location: 2F 1-1: Ground out 4-3 (Groundball, 4D, EV 103.1 MPH)
|
| Top of the 3rd over - 1 run, 2 hits, 0 errors, 2 left on base; Lansing 2 - Burlington 0 |
| BOTTOM OF THE 3RD |
|
Burlington Bees batting - Pitching for Lansing Lugnuts : RHP David Tooley
|
|
Batting: RHB Peter Westover
|
0-0: Ball 1-0: Swinging Strike 1-1: Ground out 6-3 (Groundball, 6, EV 102.5 MPH)
|
|
Batting: SHB Tim Connell
|
0-0: Ball 1-0: Called Strike 1-1: Swinging Strike 1-2: Strikes out looking
|
|
Batting: RHB Khalil Thurston
|
0-0: Foul Ball, location: 2F 0-1: Called Strike 0-2: Ground out 4-3 (Groundball, 4, EV 106.2 MPH)
|
| Bottom of the 3rd over - 0 runs, 0 hits, 0 errors, 0 left on base; Lansing 2 - Burlington 0 |
| TOP OF THE 4TH |
|
Lansing Lugnuts batting - Pitching for Burlington Bees : RHP Getachew El Sayed
|
|
Batting: RHB Scott Travis
|
0-0: Called Strike 0-1: Foul Ball, location: 2F 0-2: Ball 1-2: Reached on error, E5 (Groundball, 56, EV 87.5 MPH)
|
|
Batting: RHB Jamie Ogilvie
|
0-0: Ball 1-0: Ball 2-0: Ball 3-0: Base on Balls
|
|
Batting: RHB Jose Ontiveros
|
0-0: Swinging Strike 0-1: Ball 1-1: Foul Ball, location: 2F 1-2: Foul Ball, location: 2F 1-2: Grounds into double play, 1-6-3 (Groundball, 13S, EV 69.4 MPH) Scott Travis to third
|
|
Batting: RHB Tristan Dennis
|
0-0: Ground out 5-3 (Groundball, 56S, EV 64.4 MPH)
|
| Top of the 4th over - 0 runs, 0 hits, 1 error, 1 left on base; Lansing 2 - Burlington 0 |
| BOTTOM OF THE 4TH |
|
Burlington Bees batting - Pitching for Lansing Lugnuts : RHP David Tooley
|
|
Batting: RHB Nick Lombardo
|
0-0: Foul Ball, location: 2F 0-1: Fly out, F2 (Popup, 2RF, EV 95.6 MPH)
|
|
Batting: LHB Dave Hicks
|
0-0: Ground out 4-3 (Groundball, 34D, EV 103.1 MPH)
|
|
Batting: LHB Mutsuo IIda
|
0-0: Ball 1-0: Called Strike 1-1: Swinging Strike 1-2: Ball 2-2: Foul Ball, location: 2F 2-2: Ball 3-2: Base on Balls
|
|
Batting: RHB Dean LeCroy
|
0-0: Ground out U3 (Groundball, 3, EV 87.5 MPH)
|
| Bottom of the 4th over - 0 runs, 0 hits, 0 errors, 1 left on base; Lansing 2 - Burlington 0 |
| TOP OF THE 5TH |
|
Lansing Lugnuts batting - Pitching for Burlington Bees : RHP Getachew El Sayed
|
|
Batting: RHB Luis Gomez
|
0-0: Ball 1-0: Ball 2-0: Swinging Strike 2-1: Called Strike 2-2: Strikes out looking
|
|
Pitching: RHP Humberto Paniagua
|
|
|
Batting: LHB Timo Gomez
|
0-0: Ball 1-0: Ball 2-0: Called Strike 2-1: SOLO HOME RUN (Flyball, 89XD, EV 97.5 MPH), Distance : 392 ft
|
|
Batting: RHB Raul de la Cruz
|
0-0: Called Strike 0-1: Ball 1-1: Ground out 1-3 (Groundball, P, EV 68.8 MPH)
|
|
Batting: SHB Gregg Whitecotton
|
0-0: Swinging Strike 0-1: Called Strike 0-2: Foul Ball, location: 2F 0-2: Ball 1-2: Foul Ball, location: 2F 1-2: Ball 2-2: Strikes out swinging
|
| Top of the 5th over - 1 run, 1 hit, 0 errors, 0 left on base; Lansing 3 - Burlington 0 |
| BOTTOM OF THE 5TH |
|
Burlington Bees batting - Pitching for Lansing Lugnuts : RHP David Tooley
|
|
Batting: RHB T.J. Gray
|
0-0: Foul Ball, location: 2F 0-1: Called Strike 0-2: Foul Ball, location: 2F 0-2: Ball 1-2: Ball 2-2: SINGLE (Line Drive, 6D, EV 95.0 MPH)
|
|
Batting: RHB Wilford Harper
|
0-0: Ball 1-0: Called Strike 1-1: Swinging Strike 1-2: Strikes out swinging
|
|
Batting: RHB Peter Westover
|
0-0: Fly out, F7 (Flyball, 7, EV 77.5 MPH)
|
|
Batting: SHB Tim Connell
|
0-0: Ball 1-0: Swinging Strike 1-1: Foul Ball, location: 2F 1-2: Strikes out swinging
|
| Bottom of the 5th over - 0 runs, 1 hit, 0 errors, 1 left on base; Lansing 3 - Burlington 0 |
| TOP OF THE 6TH |
|
Lansing Lugnuts batting - Pitching for Burlington Bees : RHP Humberto Paniagua
|
|
Batting: RHB John Hering
|
0-0: Ball 1-0: Called Strike 1-1: Called Strike 1-2: Strikes out looking
|
|
Batting: RHB Scott Travis
|
0-0: Ball 1-0: Ball 2-0: Called Strike 2-1: Fly out, F7 (Flyball, 7, EV 88.8 MPH)
|
|
Batting: RHB Jamie Ogilvie
|
0-0: Called Strike 0-1: Swinging Strike 0-2: Strikes out swinging
|
| Top of the 6th over - 0 runs, 0 hits, 0 errors, 0 left on base; Lansing 3 - Burlington 0 |
| BOTTOM OF THE 6TH |
|
Burlington Bees batting - Pitching for Lansing Lugnuts : RHP David Tooley
|
|
Batting: RHB Khalil Thurston
|
0-0: Called Strike 0-1: Ball 1-1: Ball 2-1: Fly out, F8 (Flyball, 8RS, EV 82.5 MPH)
|
|
Batting: RHB Nick Lombardo
|
0-0: Called Strike 0-1: Foul Ball, location: 2F 0-2: Ground out U3 (Groundball, 3, EV 89.4 MPH)
|
|
Batting: LHB Dave Hicks
|
0-0: Ball 1-0: Foul Ball, location: 2F 1-1: Ball 2-1: Ball 3-1: Foul Ball, location: 2F 3-2: Ground out 4-3 (Groundball, 34D, EV 91.2 MPH)
|
| Bottom of the 6th over - 0 runs, 0 hits, 0 errors, 0 left on base; Lansing 3 - Burlington 0 |
| TOP OF THE 7TH |
|
Lansing Lugnuts batting - Pitching for Burlington Bees : RHP Humberto Paniagua
|
|
Pitching: RHP Tim Mumpower
|
|
|
Batting: RHB Jose Ontiveros
|
0-0: Foul Ball, location: 2F 0-1: SINGLE (Line Drive, 5D, EV 96.2 MPH)
|
|
Batting: RHB Tristan Dennis
|
0-0: Bunt missed! 0-1: Sac Bunt to P - play at first, batter OUT! 1-3 Jose Ontiveros to second
|
|
Batting: RHB Luis Gomez
|
0-0: Called Strike 0-1: Ball 1-1: Called Strike 1-2: Strikes out looking
|
|
Batting: LHB Timo Gomez
|
0-0: Ground out 6-3 (Groundball, 6, EV 86.2 MPH)
|
| Top of the 7th over - 0 runs, 1 hit, 0 errors, 1 left on base; Lansing 3 - Burlington 0 |
| BOTTOM OF THE 7TH |
|
Burlington Bees batting - Pitching for Lansing Lugnuts : RHP David Tooley
|
|
Now at 2B: Dylan Phillips
|
|
|
Now in LF: Timo Gomez
|
|
|
Now in RF: Julio Canseco
|
|
|
Batting: LHB Mutsuo IIda
|
0-0: Ball 1-0: Foul Ball, location: 2F 1-1: Ball 2-1: Foul Ball, location: 2F 2-2: Foul Ball, location: 2F 2-2: Strikes out swinging
|
|
Batting: RHB Dean LeCroy
|
0-0: Called Strike 0-1: Foul Ball, location: 2F 0-2: Ball 1-2: Ball 2-2: Ball 3-2: Strikes out swinging
|
|
Batting: RHB T.J. Gray
|
0-0: Ball 1-0: Ball 2-0: Fly out, F8 (Line Drive, 8LM, EV 93.8 MPH)
|
| Bottom of the 7th over - 0 runs, 0 hits, 0 errors, 0 left on base; Lansing 3 - Burlington 0 |
| TOP OF THE 8TH |
|
Lansing Lugnuts batting - Pitching for Burlington Bees : RHP Tim Mumpower
|
|
Batting: RHB Raul de la Cruz
|
0-0: Ball 1-0: Ball 2-0: Ball 3-0: Called Strike 3-1: Ground out 5-3 (Groundball, 56, EV 100.6 MPH)
|
|
Batting: SHB Gregg Whitecotton
|
0-0: Called Strike 0-1: SOLO HOME RUN (Flyball, 9D, EV 92.5 MPH), Distance : 352 ft
|
|
Batting: RHB John Hering
|
0-0: Foul Ball, location: 2F 0-1: Hit by Pitch
|
|
Batting: RHB Scott Travis
|
0-0: Foul Ball, location: 2F 0-1: SINGLE (Groundball, 56D, EV 103.1 MPH) John Hering to second
|
|
Batting: RHB Jamie Ogilvie
|
0-0: Ball 1-0: Fielders Choice at 2nd, 5-4 (Groundball, 5, EV 75.6 MPH) John Hering to third
|
|
Batting: RHB Jose Ontiveros
|
0-0: Called Strike 0-1: Foul Ball, location: 2F 0-2: Ball 1-2: Foul Ball, location: 2F 1-2: Foul Ball, location: 2F 1-2: DOUBLE (Line Drive, 8RXD, EV 113.1 MPH) John Hering scores Jamie Ogilvie to third Runner from 3rd tries for Home, SAFE, throw by CF to home
|
|
Batting: RHB Dylan Phillips
|
0-0: Foul Ball, location: 2F 0-1: Ball 1-1: Foul Ball, location: 2F 1-2: Foul Ball, location: 2F 1-2: Foul Ball, location: 2F 1-2: Strikes out swinging
|
| Top of the 8th over - 3 runs, 3 hits, 0 errors, 1 left on base; Lansing 6 - Burlington 0 |
| BOTTOM OF THE 8TH |
|
Burlington Bees batting - Pitching for Lansing Lugnuts : RHP David Tooley
|
|
Pitching: RHP Ron Kehoe
|
|
|
Batting: RHB Wilford Harper
|
0-0: SINGLE (Groundball, 4D, EV 103.1 MPH)
|
|
Batting: RHB Peter Westover
|
0-0: Fielders Choice at 2nd, 5-4 (Groundball, 56, EV 91.9 MPH)
|
|
Batting: SHB Tim Connell
|
0-0: Ball 1-0: Foul Ball, location: 2F 1-1: Swinging Strike 1-2: Strikes out looking
|
|
Batting: RHB Khalil Thurston
|
0-0: Ball 1-0: Fly out, F8 (Flyball, 8RS, EV 93.8 MPH)
|
| Bottom of the 8th over - 0 runs, 1 hit, 0 errors, 1 left on base; Lansing 6 - Burlington 0 |
| TOP OF THE 9TH |
|
Lansing Lugnuts batting - Pitching for Burlington Bees : RHP Tim Mumpower
|
|
Pitching: RHP Josh Reynolds
|
|
|
Batting: LHB Julio Canseco
|
0-0: Called Strike 0-1: Swinging Strike 0-2: Ball 1-2: Strikes out swinging
|
|
Batting: LHB Timo Gomez
|
0-0: Ball 1-0: Ball 2-0: Ball 3-0: Called Strike 3-1: Base on Balls
|
|
Batting: RHB Raul de la Cruz
|
0-0: Called Strike 0-1: Ball 1-1: Swinging Strike 1-2: Ball 2-2: Ball 3-2: Base on Balls Timo Gomez to second
|
|
Batting: SHB Gregg Whitecotton
|
0-0: Ball 1-0: Ball 2-0: Foul Ball, location: 2F 2-1: Ball 3-1: Foul Ball, location: 2F 3-2: Base on Balls Timo Gomez to third Raul de la Cruz to second
|
|
Batting: RHB John Hering
|
0-0: Swinging Strike 0-1: Ball 1-1: Foul Ball, location: 2F 1-2: Ball 2-2: SINGLE (Line Drive, 8RS, EV 111.2 MPH) Timo Gomez scores Raul de la Cruz to third Gregg Whitecotton to second
|
|
Batting: RHB Scott Travis
|
0-0: Ball 1-0: Called Strike 1-1: Swinging Strike 1-2: Strikes out swinging
|
|
Batting: RHB Jamie Ogilvie
|
0-0: Ball 1-0: Foul Ball, location: 2F 1-1: Ball 2-1: Ball 3-1: Base on Balls Raul de la Cruz scores Gregg Whitecotton to third John Hering to second
|
|
Pinch Hitting: RHB Mike Johnson
|
0-0: Ball 1-0: Called Strike 1-1: Swinging Strike 1-2: Ball 2-2: Fly out, F5 (Line Drive, 5, EV 73.8 MPH)
|
| Top of the 9th over - 2 runs, 1 hit, 0 errors, 3 left on base; Lansing 8 - Burlington 0 |
| BOTTOM OF THE 9TH |
|
Burlington Bees batting - Pitching for Lansing Lugnuts : RHP Ron Kehoe
|
|
Now in LF: Mike Johnson
|
|
|
Now in CF: Timo Gomez
|
|
|
Batting: RHB Nick Lombardo
|
0-0: Called Strike 0-1: Foul Ball, location: 2F 0-2: Ball 1-2: SINGLE (Groundball, 56D, EV 105.0 MPH)
|
|
Pinch Hitting: LHB Adam Barry
|
0-0: Called Strike 0-1: Called Strike 0-2: Strikes out swinging
|
|
Batting: LHB Mutsuo IIda
|
0-0: Called Strike 0-1: Swinging Strike 0-2: Fielders Choice at 2nd, 4-6 (Groundball, 4, EV 80.0 MPH)
|
|
Batting: RHB Dean LeCroy
|
0-0: Called Strike 0-1: Fielders Choice at 2nd, 6-4 (Groundball, 6, EV 101.2 MPH)
|
| Bottom of the 9th over - 0 runs, 1 hit, 0 errors, 1 left on base; Lansing 8 - Burlington 0 |
|